 Dungeon Crawl Stone Soup version 0.30-a0-297-g0ec75d9ef4 (webtiles) character file.

Game seed: 7445703184912176353

14331 KristoblXynda the Grappler (level 11, -6/100 HPs)
             Began as a Red Draconian Monk on July 17, 2022.
             Was an Initiate of Gozag.
             Killed from afar by a gargoyle (18 damage)
             ... with a stone arrow
             ... on level 11 of the Dungeon on Oct 19, 2022.
             The game lasted 00:19:22 (13942 turns).

KristoblXynda the Grappler (Red Draconian Monk)    Turns: 13942, Time: 00:19:22

Health: -6/100     AC: 15    Str: 15    XL:     11   Next: 87%
Magic:  11/11      EV: 16    Int: 13    God:    Gozag
Gold:   941        SH:  5    Dex: 14    Spells: 6/10 levels left

rFire   + + .      SeeInvis .      - Unarmed
rCold   . . .      Faith    .    (no shield)
rNeg    . . .      Spirit   .    (body armour unavailable)
rPois   .          Reflect  +    (helmet restricted)
rElec   .          Harm     .    n - +2 cloak {rCorr}
rCorr   +          Rampage  .    m - +0 pair of gloves
Will    .....                    (no boots)
Stlth   ++........               G - amulet of reflection
HPRegen 0.36/turn                B - ring of protection from fire
MPRegen 0.12/turn                z - +4 ring of protection

@: gold aura, slowed, studying Unarmed Combat, very slow
A: breathe fire, AC +7, unfitting armour, fire resistance 1, cold-blooded
a: Breathe Fire, Renounce Religion, Potion Petition, Call Merchant, Bribe Branch


You were on level 11 of the Dungeon.
You worshipped Gozag.
Gozag was pleased with you.
You visited 2 branches of the dungeon, and saw 12 of its levels.
You also visited: Ossuary.

You collected 2244 gold pieces.
You spent 705 gold pieces at shops.
You paid 598 gold pieces to Gozag.

Inventory:

Hand Weapons
 F - a +2 demon trident of protection
Armour
 m - a +0 pair of gloves (worn)
 n - a +2 cloak of preservation (worn)
 I - a +0 buckler
Jewellery
 z - a +4 ring of protection (right hand)
 B - a ring of protection from fire (left hand)
 D - an amulet of the acrobat
 E - a ring of resist corrosion
 G - an amulet of reflection (around neck)
 J - a ring of positive energy
 K - a +6 ring of intelligence
Wands
 e - a wand of digging (7)
 g - a wand of paralysis (10)
Scrolls
 d - 3 scrolls of teleportation
 j - 2 scrolls of magic mapping
 o - 2 scrolls of fear
 p - 3 scrolls of immolation
 r - 4 scrolls of enchant armour
 v - 3 scrolls of summoning
 y - a scroll of fog
 C - a scroll of enchant weapon
 H - a scroll of amnesia {unknown}
 L - a scroll of identify
Potions
 a - 2 potions of ambrosia
 b - 2 potions of curing
 c - 2 potions of heal wounds
 f - a potion of resistance {unknown}
 h - 4 potions of brilliance
 i - 3 potions of attraction {unknown}
 k - 4 potions of lignification {unknown}
 l - 2 potions of flight
 s - a potion of degeneration {unknown}
 t - 3 potions of haste
 u - 2 potions of might {unknown}
 w - a potion of magic {unknown}
 A - a potion of cancellation
Miscellaneous
 q - a phantom mirror
 x - a box of beasts


   Skills:
 - Level 10.3 Fighting
 + Level 9.8 Dodging
 - Level 2.6 Stealth
 + Level 2.1 Shields
 + Level 12.6 Unarmed Combat
 + Level 9.0 Fire Magic
 + Level 4.8 Evocations


You had 6 spell levels left.
You knew the following spells:

 Your Spells              Type           Power      Damage    Failure   Level
a - Flame Wave            Conj/Fire      11%        2d6       43%         4

Your spell library contained the following spells:

 Spells                   Type           Power      Damage    Failure   Level
 Foxfire                  Conj/Fire      44%        2x1d6     4%          1
 Inner Flame              Hex/Fire       11%        N/A       14%         3
 Ignite Poison            Fire/Tmut/Pois 7%         N/A       26%         3
 Apportation              Tloc           0%         N/A       30%         1
 Magic Dart               Conj           0%         1d3       30%         1
 Necrotise                Necr           0%         1d4       30%         1
 Summon Small Mammal      Summ           0%         N/A       30%         1
 Searing Ray              Conj           0%         2d4       43%         2
 Sticky Flame             Conj/Fire      11%        2d3       43%         4
 Call Canine Familiar     Summ           0%         N/A       67%         3
 Stone Arrow              Conj/Erth      0%         3d7       67%         3
 Summon Guardian Golem    Hex/Summ       0%         N/A       67%         3
 Fulminant Prism          Conj/Hex       0%         3d6       97%         4
 Lehudib's Crystal Spear  Conj/Erth      0%         10d2      100%        8
 Animate Armour           Summ/Erth      Unusable   N/A       N/A         4

Dungeon Overview and Level Annotations

Branches:
Dungeon (11/15)            Temple (1/1) D:5            Lair (0/6) D:8
Ossuary (visited)
    Orc: D:9-12

Altars:
Ashenzari
Cheibriados
Dithmenos
Elyvilon
Fedhas
Gozag
Hepliaklqana
Kikubaaqudgha
Makhleb
Nemelex Xobeh
Okawaru
Qazlal
Ru
Sif Muna
Trog
Uskayaw
Vehumet
Wu Jian
Xom
Yredelemnul
The Shining One

Shops:
D:8 *   D:11 *

Annotations:
D:11 Urug
Temple 2 transporters


Innate Abilities, Weirdness & Mutations

You can breathe blasts of fire.
Your fiery red scales are hard. (AC +7)
You cannot fit into any form of body armour.
Your flesh is heat resistant. (rF+)
You are cold-blooded and may be slowed by cold attacks.


Message History

The manticore claws you but does no damage.
You see here 12 gold pieces.
You hit the manticore but do no damage.
You tail-slap the manticore, but do no damage.
The manticore is moderately wounded.
The manticore misses you. You block the manticore's attack.
The manticore misses you.
Urug is distracted by your dazzling golden aura.
Urug shouts!
You hit the manticore but do no damage.
The manticore is moderately wounded.
The manticore barely misses you. The manticore closely misses you.
The manticore claws you.
The gargoyle is distracted by your dazzling golden aura.
Unknown command.
You barely miss the manticore. You tail-slap the manticore.
The manticore is moderately wounded.
The manticore misses you. You block the manticore's attack.
The manticore claws you. The manticore misses you.
The manticore closely misses you. The manticore misses you.
You pummel the manticore!!
The manticore is severely wounded.
Urug is no longer distracted by gold.
The gargoyle is no longer distracted by gold.
The manticore bites you! The manticore misses you.
The manticore closely misses you.
You pummel the manticore!!
You kill the manticore!
You have got your breath back.
The gargoyle hurls a stone arrow at you.
The stone arrow hits you!!
Your Fire Magic skill increases to level 9!
The gargoyle hurls a stone arrow at you.
The stone arrow hits you!!
* * * LOW HITPOINT WARNING * * *
Urug stares with her one eyeball.
The gargoyle hurls a stone arrow at you.
The stone arrow hits you!!
You die...
Your body crumbles into a pile of gold.

.>.
#.................#
#.####.##..########
#.# #..##.# #.#
#.##.. #.# ......
..## #.# ####...
#...[##.### ...#
#......#######...#
####.#o9@$.......#
#..#########...#
..... # ........
........>.#
#.........#
∩.........#
#.........#


You could see Urug and a gargoyle.

Vanquished Creatures
  A boulder beetle (D:11)
  5 two-headed ogres
  The ghost of flt the Changer, a novice DgTm (D:6)
  An ugly thing (D:10)
  A manticore (D:11)
  Maurice (D:8)
  An unseen horror (D:11)
  A gargoyle (D:8)
  Maggie (D:6)
  2 hornets (D:9)
  2 trolls
  2 shadows (D:10)
  Sigmund (D:2)
  2 wraiths
  2 wyverns
  20 yaks
  Grum (D:8)
  A water moccasin (D:7)
  5 orc warriors
  An ice beast (D:7)
  An ogre (D:7)
  2 wolves (D:8)
  3 centaurs
  A phantom (D:6)
  6 bullfrogs
  A kobold brigand (D:10)
  A gnoll sergeant (D:11)
  2 necrophages
  3 scorpions
  8 killer bees
  5 howler monkeys
  4 centaur zombies (Ossuary)
  5 orc priests
  A gnoll bouda (D:4)
  2 iguanas (D:7)
  7 orc wizards
  6 mummies
  7 adders
  7 gnolls
  2 shadow imps (D:8)
  A white imp (D:4)
  An adder zombie (D:2)
  An adder skeleton (D:2)
  2 worms
  3 dart slugs
  67 orcs
  7 ball pythons
  6 endoplasms
  5 giant cockroaches
  14 goblins
  10 hobgoblins
  4 jackals
  3 quokkas
  10 bats
  A frilled lizard (D:1)
  3 hobgoblin zombies (Ossuary)
  8 kobolds
  A quokka skeleton (D:2)
  6 rats
279 creatures vanquished.

Vanquished Creatures (others)
  An orc wizard (D:9)
  3 withered plants (D:2)
4 creatures vanquished.

Grand Total: 283 creatures vanquished

Notes
Turn   | Place    | Note
-------+----------+-------------------------------------------
     0 | D:1      | KristoblXynda the Draconian Monk began the quest for the
                  | Orb.
     0 | D:1      | Reached XP level 1. HP: 19/19 MP: 1/1
   209 | D:1      | Reached XP level 2. HP: 26/26 MP: 2/2
   719 | D:1      | Upgraded the game from 0.29-a0-866-g0545e20025 to
                  | 0.30-a0-3-gc9032a9cac
   719 | D:1      | Reached XP level 3. HP: 31/33 MP: 3/3
  1291 | D:2      | Noticed Sigmund
  2104 | D:3      | Reached XP level 4. HP: 40/40 MP: 4/4
  2170 | D:3      | Found a faded altar of an unknown god.
  2956 | D:3      | Found a blossoming altar of Fedhas.
  2957 | D:3      | Found a hazy altar of Hepliaklqana.
  3314 | D:4      | Reached skill level 4 in Unarmed Combat
  3314 | D:4      | Reached XP level 5. HP: 29/47 MP: 5/5
  4069 | D:2      | Found a radiant altar of Vehumet.
  4342 | D:2      | Killed Sigmund
  4343 | D:2      | Reached skill level 5 in Fighting
  4343 | D:2      | Reached XP level 6. HP: 25/56 MP: 6/6
  4689 | D:5      | Entered Level 5 of the Dungeon
  4693 | D:5      | Found a staircase to the Ecumenical Temple.
  5178 | Temple   | Entered the Ecumenical Temple
  5178 | Temple   | Found a transporter.
  5178 | Temple   | Found a transporter.
  5180 | Temple   | Found a transporter.
  5180 | Temple   | Found a transporter.
  5198 | Temple   | Became a worshipper of Gozag Ym Sagoz the Greedy
  5287 | D:5      | Reached skill level 5 in Unarmed Combat
  5287 | D:5      | Your scales start taking on a fiery red colour.
  5287 | D:5      | Reached XP level 7. HP: 59/61 MP: 7/7
  5287 | D:5      | Gained mutation: Your flesh is heat resistant. (rF+) [Red
                  | Draconian growth]
  5404 | D:5      | Found an ancient bone altar of Kikubaaqudgha.
  5956 | D:5      | Reached skill level 5 in Dodging
  6167 | D:6      | Found a large runed translucent door.
  6167 | D:6      | Found a large runed translucent door.
  6277 | D:6      | Noticed Maggie
  6290 | D:6      | Killed Maggie
  6291 | D:6      | Reached skill level 6 in Unarmed Combat
  6291 | D:6      | Reached XP level 8. HP: 46/71 MP: 6/8
  6298 | D:6      | Found a sand-covered staircase.
  6307 | Ossuary  | Entered an ossuary
  7374 | D:6      | Noticed flt's ghost (novice DgTm)
  7618 | D:6      | Killed flt's ghost
  7619 | D:6      | Reached skill level 7 in Unarmed Combat
  7778 | D:7      | Reached XP level 9. HP: 60/81 MP: 6/9
  7936 | D:7      | Found a hide-covered altar of Uskayaw.
  7946 | D:7      | Learned a level 4 spell: Flame Wave
  8072 | D:7      | Reached skill level 1 in Fire Magic
  8746 | D:8      | Noticed Grum
  9109 | D:8      | Noticed a gargoyle
  9113 | D:8      | Killed a gargoyle
  9114 | D:8      | Reached skill level 8 in Unarmed Combat
  9598 | D:8      | Identified a scroll of acquirement
  9598 | D:8      | Acquired a manual of Unarmed Combat
  9630 | D:8      | Killed Grum
 10105 | D:8      | Found Bigeot's General Store.
 10112 | D:8      | Bought a scroll of identify for 30 gold pieces
 10112 | D:8      | Bought 3 potions of heal wounds for 225 gold pieces
 10112 | D:8      | Bought an amulet of reflection for 450 gold pieces
 10321 | D:8      | Noticed Maurice
 10345 | D:8      | Killed Maurice
 10346 | D:8      | Reached skill level 9 in Unarmed Combat
 10346 | D:8      | Reached XP level 10. HP: 73/91 MP: 10/10
 10524 | D:8      | Found a staircase to the Lair.
 11202 | D:9      | Reached skill level 5 in Fire Magic
 11627 | D:9      | Paralysed by a hornet for 2 turns
 11660 | D:9      | Reached skill level 10 in Fighting
 11660 | D:9      | Reached skill level 10 in Unarmed Combat
 12292 | D:10     | Entered Level 10 of the Dungeon
 12414 | D:10     | Noticed a two-headed ogre
 12422 | D:10     | Killed a two-headed ogre
 12423 | D:10     | Reached skill level 1 in Evocations
 12706 | D:10     | Noticed a cyan ugly thing
 12707 | D:10     | Noticed a two-headed ogre
 12728 | D:10     | Killed a two-headed ogre
 12729 | D:10     | Reached skill level 11 in Unarmed Combat
 12729 | D:10     | Reached XP level 11. HP: 28/100 MP: 11/11
 12731 | D:10     | Upgraded the game from 0.30-a0-3-gc9032a9cac to
                  | 0.30-a0-297-g0ec75d9ef4
 12751 | D:10     | Killed a cyan ugly thing
 12985 | D:10     | Noticed a two-headed ogre
 12990 | D:10     | Killed a two-headed ogre
 13459 | D:10     | Found a sparkling altar of Nemelex Xobeh.
 13534 | D:11     | Noticed a boulder beetle
 13548 | D:11     | Killed a boulder beetle
 13549 | D:11     | Reached skill level 12 in Unarmed Combat
 13554 | D:11     | Noticed a two-headed ogre
 13567 | D:11     | Killed a two-headed ogre
 13675 | D:11     | Noticed a two-headed ogre
 13683 | D:11     | Killed a two-headed ogre
 13696 | D:11     | Reached skill level 1 in Shields
 13903 | D:11     | Found Komaj's Assorted Antiques.
 13921 | D:11     | Noticed Urug
 13942 | D:11     | Killed from afar by a gargoyle

Illustrated notes

Levels and vault maps discovered:
D:1:      scummos_arrival_hexagon, layout_basic, minmay_misc_feat_roman,
          st_stairs_5, minmay_surrounded
D:2:      layout_rooms, basic_altar, serial_undead, serial_undead_e,
          serial_undead_e, serial_undead_d, serial_undead_c, kennysheep_potato,
          uniq_sigmund
D:3:      layout_loops_corners, mainiacjoe_overflow_big_doors,
          shapermc_ecumenical_altar_flowoftime
D:4:      layout_gridville
D:5:      layout_basic, mainiacjoe_overflow_brackets, minmay_temple_entry_grid,
          minmay_crystal_room
D:6:      layout_loops_corners, gup_ossuary_entry_pyramid,
          ebering_ghost_disaster_area, minmay_misc_feat_tower, uniq_maggie
D:7:      layout_rooms, eat_drink_and_be_merry_uskayaw,
          hangedman_abyss_or_decor_lesser_grid
D:8:      layout_basic, lair_entry_dummy, serial_shops, shop_fountains,
          uniq_maurice, uniq_grum
D:9:      layout_roguey [special_room_orc]
D:10:     layout_cross, nemelex_spade_bored_becter, grunt_potential
D:11:     layout_rooms, serial_shops, shop, minmay_increasing_density, uniq_urug
Temple:   hellmonk_temple_divided_pantheon

Skill      XL: |  1  2  3  4  5  6  7  8  9 10 11 |
---------------+----------------------------------+-----
Stealth        | 2 |  2.6
Dodging        | 3 4 5 6 7 9 |  9.8
Fighting       | 4 5 6 8 9 10 | 10.3
Unarmed Combat | 4 5 6 7 9 11 12 | 12.6
Fire Magic     | 4 7 9 |  9.0
Evocations     | 2 4 |  4.8
Shields        | 2 |  2.1

Action                   |  1- 3 |  4- 6 |  7- 9 | 10-12 || total
-------------------------+-------+-------+-------+-------++-------
Melee: Unarmed           |   164 |   295 |   414 |   387 ||  1260
       Tailslap          |    29 |    31 |    75 |    77 ||   212
       Punch             |     7 |    12 |    13 |    27 ||    59
Invok: Potion Petition   |       |       |       |     1 ||     1
 Abil: Breathe Fire      |       |       |    10 |    12 ||    22
Evoke: Wand              |       |       |       |     2 ||     2
  Use: Scroll            |       |     5 |    11 |     7 ||    23
       Potion            |       |     2 |     2 |     3 ||     7
 Stab: Sleeping          |     5 |     3 |     6 |       ||    14
       Distracted        |       |       |     5 |     1 ||     6
       Paralysed         |       |       |       |    11 ||    11
Armor: Skin              |    52 |    83 |   201 |   110 ||   446
Dodge: Dodged            |   104 |   210 |   384 |   223 ||   921
Block: Other             |       |       |     4 |    66 ||    70
       Reflection        |       |       |       |     3 ||     3

Table legend: (Time is in decaauts)
 A = Elapsed time spent in this place.
 B = Non-inter-level travel time spent in this place.
 C = Inter-level travel time spent in this place.
 D = Time resting spent in this place.
 E = Time spent auto-exploring this place.
 F = Levels seen in this place.
 G = Mean time per level.
                   A        B        C        D        E       F      G
               +--------+--------+--------+--------+--------+-----+--------+
         Total |  13804 |  13283 |    521 |   3609 |   7031 |  13 | 1061.8 |
       Dungeon |  13345 |  12824 |    521 |   3352 |   6988 |  11 | 1213.2 |
        Temple |     52 |     52 |      0 |      0 |      0 |   1 |   52.0 |
       Ossuary |    406 |    406 |      0 |    257 |     43 |   1 |  406.0 |
               +--------+--------+--------+--------+--------+-----+--------+

Top non-repeatable levels by time:
     D:8: 2168 daAuts
     D:3: 1488 daAuts
     D:9: 1357 daAuts
     D:4: 1240 daAuts
     D:1: 1221 daAuts
    D:10: 1169 daAuts
     D:6: 1157 daAuts
     D:2: 1154 daAuts
     D:7: 996 daAuts
     D:5: 964 daAuts
    D:11: 426 daAuts
 Ossuary: 406 daAuts
  Temple: 52 daAuts
